 Dungeon Crawl Stone Soup version 0.21-a0-442-g848f44b (webtiles) character file.

13661 zero the Cleaver (level 11, -3/97 HPs)
             Began as a Deep Dwarf Fighter on Nov 15, 2017.
             Was an Elder of Makhleb.
             Slain by a brown ugly thing (7 damage)
             ... on level 11 of the Dungeon.
             The game lasted 00:04:16 (9872 turns).

zero the Cleaver (Deep Dwarf Fighter)               Turns: 9872, Time: 00:04:17

Health: -3/97      AC: 13    Str: 24    XL:     11   Next: 78%
Magic:  20/20      EV:  7    Int:  8    God:    Makhleb [****..]
Gold:   850        SH: 12    Dex: 12    Spells: 10/10 levels left

rFire    + . .     SeeInvis .   Y - +0 war axe
rCold    + . .     Gourm    .   c - +0 shield
rNeg     . . .     Faith    .   v - +0 plate armour
rPois    .         Spirit   .   l - +0 helmet
rElec    .         Reflect  .   k - scarf {rC+ rF+}
rCorr    .         Harm     .   f - +1 pair of gloves {archery}
MR       +++..                  (no boots)
Stlth    ..........             (no amulet)
HPRegen  0.00/turn              z - ring of Mistrust {*Corrode MR+ MP+9 Slay+3}
MPRegen  0.17/turn              y - ring of protection from magic

@: about to teleport, corroded, non-regenerating
A: damage resistance, heal wounds, sense surroundings 2, no regeneration
a: Heal Wounds, Minor Destruction, Lesser Servant of Makhleb, Major Destruction,
Renounce Religion


You were on level 11 of the Dungeon.
You worshipped Makhleb.
Makhleb was greatly pleased with you.
You were not hungry.

You visited 2 branches of the dungeon, and saw 12 of its levels.

You collected 850 gold pieces.


Innate Abilities, Weirdness & Mutations

You are resistant to damage.
You can heal yourself by infusing magical energy.
You passively map the area around you.
You do not regenerate.


   Skills:
 - Level 6.0 Fighting
 - Level 13.0 Axes
 + Level 7.8 Armour
 - Level 4.0 Dodging
 - Level 9.0 Shields
 + Level 11.1 Invocations


You had 10 spell levels left.
You didn't know any spells.

Inventory:

Hand Weapons
 h - a +3 demon whip of venom
 Y - a +0 war axe (weapon)
Armour
 c - a +0 shield (worn)
 f - a +1 pair of gloves of archery (worn)
 k - a scarf of resistance (worn)
 l - a +0 helmet (worn)
 v - a +0 plate armour (worn)
Jewellery
 i - an uncursed ring of protection from cold
 x - a +3 ring of dexterity
 y - a ring of protection from magic (right hand)
 z - the ring of Mistrust (left hand) {*Corrode MR+ MP+9 Slay+3}
   (You took it off an orc warrior on level 9 of the Dungeon)

   [ring of magical power]

   It affects your accuracy and damage with ranged weapons and melee attacks
   (+3).
   It affects your resistance to hostile enchantments.
   It affects your magic capacity (+9).
   It may corrode you when you take damage.
 A - an uncursed ring of protection from cold
Wands
 p - a wand of random effects (17/48)
Scrolls
 a - 5 scrolls of teleportation
 b - a scroll of identify
 s - 5 scrolls of remove curse
 t - a scroll of fog
 w - a scroll of recharging
Potions
 d - a potion of might
 g - a potion of haste
 n - a potion of agility {unknown}
 o - 3 potions of heal wounds
 r - a potion of flight {unknown}
Comestibles
 e - 7 bread rations
 j - 8 meat rations
 m - 8 royal jellies
 q - 4 fruits
 u - 7 chunks of flesh

Dungeon Overview and Level Annotations

Branches:
Dungeon (11/15)            Temple (1/1) D:6            Lair (0/6) D:11
    Orc: D:9-12

Altars:
Ashenzari
Cheibriados
Dithmenos
Elyvilon
Fedhas
Gozag
Hepliaklqana
Kikubaaqudgha
Makhleb
Nemelex Xobeh
Okawaru
Qazlal
Ru
Sif Muna
Trog
Uskayaw
Vehumet
Wu Jian
Xom
Yredelemnul
Zin
The Shining One

Shops:
D:6 %


Message History

You closely miss the brown ugly thing.
The brown ugly thing is severely wounded.
You hit the two-headed ogre. You slash the centaur!
You block the centaur's attack. The brown ugly thing bites you!
You are splashed with acid!
The acid burns!
You block the centaur's attack.
You barely miss the brown ugly thing.
The brown ugly thing is severely wounded.
You hit the two-headed ogre. You hit the centaur.
The two-headed ogre hits you with a giant spiked club!!
The two-headed ogre hits you with a giant club!
The centaur closely misses you. The brown ugly thing bites you!
You are splashed with acid!
The acid burns!
A worker ant comes into view.
9872 ||| READING 6 scrolls of teleportation.
As you read the scroll of teleportation, it crumbles to dust.
You feel strangely unstable. You block the centaur's attack.
The worker ant waves its antennae.
The brown ugly thing bites you!
You die...

###.......#### #.# * ,
####....# #.# * , ###.##
##.# * + #)# #..# #.##
####.## #..# #....# ##.#
##'######
####'######O......# *
#####......##.@c......#,
, ,, ,
#...'......##u#...<...+
*
#.###......#zz#.....a.#
, *
#....uzzz##.......#** **
#......####........., ,,
*** ######## ##########
* * *


You could see a brown ugly thing, a two-headed ogre, a centaur, a worker ant and
5 wights.

Vanquished Creatures
  A hydra (D:9)
  4 two-headed ogres
  The ghost of Gildeon the Cleaver, a novice MiFi of Cheibriados (D:7)
  A deep troll (D:9)
  An unseen horror (D:11)
  A manticore (D:8)
  A gargoyle (D:10)
  A troll (D:11)
  3 slime creatures (D:11)
  A hippogriff (D:9)
  A shadow (D:8)
  3 yaks (D:10)
  A vampire (D:9)
  A hungry ghost (D:10)
  Menkaure (D:5)
  3 wargs (D:11)
  Duvessa (D:5)
  2 sky beasts
  2 ice beasts
  A black bear (D:6)
  3 orc warriors
  7 ogres
  5 centaurs
  3 big kobolds (D:9)
  2 gnoll sergeants
  Dowan (D:5)
  6 bullfrogs
  A wyvern skeleton (D:10)
  5 scorpions
  4 killer bees (D:8)
  13 wights
  3 crimson imps (D:5)
  6 howler monkeys
  2 bullfrog zombies
  7 hounds
  A quasit (D:11)
  4 centaur skeletons
  8 orc priests
  17 orc wizards
  2 bullfrog skeletons (D:4)
  2 iguanas
  Natasha (thrice) (D:4)
  Ijyb (D:4)
  10 worker ants
  A killer bee zombie (D:9)
  2 hound skeletons
  2 worker ant zombies
  11 gnolls
  15 adders
  2 shadow imps
  2 oozes (D:1)
  2 adder skeletons
  2 worms
  7 leopard geckos
  41 orcs
  2 ball pythons
  2 bats
  A giant cockroach (D:4)
  6 hobgoblins
  10 jackals
  20 kobolds
  8 quokkas
  6 frilled lizards
  8 goblins
  A leopard gecko skeleton (D:9)
  8 rats
306 creatures vanquished.

Notes
Turn   | Place    | Note
-------+----------+-------------------------------------------
     0 | D:1      | zero the Deep Dwarf Fighter began the quest for the Orb.
     0 | D:1      | Reached XP level 1. HP: 20/20 MP: 1/1
     0 | D:1      | 0 ||| counter = 16
   162 | D:1      | Reached skill level 3 in Axes
   162 | D:1      | Reached XP level 2. HP: 18/27 MP: 2/2
   165 | D:1      | 165 ||| DROPPING club.
   234 | D:1      | Reached skill level 1 in Dodging
   249 | D:1      | Reached XP level 3. HP: 23/33 MP: 3/3
   736 | D:1      | 736 ||| READING 3 scrolls labeled QOCWICLILA.
   741 | D:1      | 741 ||| READING scroll labeled HENU QIACRUIQIRR.
   742 | D:1      | 742 ||| READING scroll labeled KAELAY QETHROGH.
   743 | D:1      | 743 ||| DRINKING 2 viscous amethyst potions.
   844 | D:1      | 844 ||| DROPPING potion of lignification.
   911 | D:2      | Reached skill level 4 in Axes
  1053 | D:2      | 1053 ||| INVOKING Heal Wounds.
  1151 | D:2      | Reached XP level 4. HP: 37/40 MP: 3/3
  1490 | D:2      | 1490 ||| UPGRADING to helmet.
  1495 | D:2      | 1495 ||| UPGRADING to chain mail.
  1505 | D:2      | 1505 ||| DROPPING +0 scale mail.
  1506 | D:2      | 1506 ||| READING scroll labeled BEUHU NISTREURO.
  1507 | D:2      | 1507 ||| READING scroll labeled KIXAESKIEMIG.
  1570 | D:3      | Found a white marble altar of Elyvilon.
  1690 | D:3      | Reached skill level 5 in Axes
  1736 | D:3      | 1736 ||| DROPPING whip.
  2217 | D:3      | 2217 ||| READING scroll labeled ASACSOYRE ZASCH.
  2218 | D:3      | 2218 ||| READING scroll labeled FOCADE MAIKI.
  2287 | D:4      | Reached XP level 5. HP: 41/46 MP: 4/4
  2456 | D:4      | Noticed an ogre
  2464 | D:4      | Killed an ogre
  2464 | D:4      | Reached skill level 6 in Axes
  2587 | D:4      | Reached XP level 6. HP: 33/55 MP: 5/5
  2599 | D:4      | 2599 ||| INVOKING Heal Wounds.
  2602 | D:4      | Reached skill level 7 in Axes
  2935 | D:4      | 2935 ||| UPGRADING to flail.
  2936 | D:4      | 2936 ||| SWAPPING to +0 war axe.
  3009 | D:4      | Noticed Ijyb
  3023 | D:4      | Killed Ijyb
  3096 | D:4      | Reached skill level 8 in Axes
  3104 | D:4      | Noticed Natasha
  3108 | D:4      | Reached XP level 7. HP: 47/61 MP: 6/6
  3115 | D:4      | Killed Natasha
  3439 | D:4      | Noticed Natasha
  3446 | D:4      | Killed Natasha
  3577 | D:4      | Reached skill level 3 in Fighting
  3588 | D:4      | 3588 ||| UPGRADING to plate armour.
  3598 | D:4      | 3598 ||| DROPPING +0 chain mail.
  3599 | D:4      | 3599 ||| DRINKING 2 emerald potions.
  3600 | D:4      | 3600 ||| DRINKING 2 white potions.
  3601 | D:4      | 3601 ||| READING 4 scrolls of identify.
  3601 | D:4      | 3601 ||| IDENTIFYING thin ruby amulet
  3602 | D:4      | 3602 ||| DROPPING amulet of guardian spirit.
  3603 | D:4      | 3603 ||| READING 3 scrolls of identify.
  3603 | D:4      | 3603 ||| IDENTIFYING glowing pearl ring
  3604 | D:4      | 3604 ||| UPGRADING to +3 ring of dexterity.
  3605 | D:4      | 3605 ||| READING 2 scrolls of identify.
  3605 | D:4      | 3605 ||| IDENTIFYING notched bronze ring
  3606 | D:4      | 3606 ||| DROPPING cursed ring of teleportation.
  3607 | D:4      | 3607 ||| DROPPING potion of degeneration.
  3638 | D:4      | Noticed Natasha
  3647 | D:4      | Killed Natasha
  3682 | D:5      | Entered Level 5 of the Dungeon
  3684 | D:5      | 3684 ||| STAIRDANCE
  3902 | D:5      | Noticed Menkaure
  3910 | D:5      | 3910 ||| DRINKING potion of heal wounds.
  3913 | D:5      | 3913 ||| INVOKING Heal Wounds.
  3917 | D:5      | Killed Menkaure
  3917 | D:5      | Reached skill level 9 in Axes
  3985 | D:5      | Noticed Duvessa
  3985 | D:5      | Noticed Dowan
  3999 | D:5      | Killed Duvessa
  4006 | D:5      | 4006 ||| INVOKING Heal Wounds.
  4008 | D:5      | 4008 ||| INVOKING Heal Wounds.
  4019 | D:5      | Killed Dowan
  4019 | D:5      | Reached XP level 8. HP: 65/69 MP: 7/7
  4262 | D:5      | 4262 ||| DRINKING 2 bubbling purple potions.
  4305 | D:5      | 4305 ||| READING 3 scrolls of identify.
  4305 | D:5      | 4305 ||| IDENTIFYING murky cyan potion
  4306 | D:5      | 4306 ||| READING 2 scrolls of identify.
  4306 | D:5      | 4306 ||| IDENTIFYING blue potion
  4307 | D:5      | 4307 ||| DROPPING potion of invisibility.
  4308 | D:5      | 4308 ||| DROPPING potion of berserk rage.
  4550 | D:6      | Found a staircase to the Ecumenical Temple.
  4652 | D:6      | 4652 ||| INVOKING Heal Wounds.
  4658 | D:6      | Found a hazy altar of Hepliaklqana.
  4676 | D:6      | Reached skill level 10 in Axes
  4730 | D:6      | Found a basalt altar of Yredelemnul.
  4730 | D:6      | Found an opulent altar of Gozag.
  4730 | D:6      | Found a shimmering altar of Xom.
  4731 | D:6      | Found a bloodstained altar of Trog.
  4731 | D:6      | Found a shimmering altar of Xom.
  4732 | D:6      | Found a hide-covered altar of Uskayaw.
  4736 | D:6      | Found an ancient bone altar of Kikubaaqudgha.
  4736 | D:6      | Found a bloodstained altar of Trog.
  4736 | D:6      | Found a sparkling altar of Nemelex Xobeh.
  4736 | D:6      | Found an opulent altar of Gozag.
  4736 | D:6      | Found a burning altar of Makhleb.
  4736 | D:6      | Found a white marble altar of Elyvilon.
  4741 | D:6      | Became a worshipper of Makhleb the Destroyer
  4749 | Temple   | Entered the Ecumenical Temple
  4750 | Temple   | 4750 ||| Entered T.
  4903 | Temple   | 4903 ||| READING scroll labeled PEOFOGI ZEYSE.
  4904 | Temple   | 4904 ||| READING 2 scrolls of identify.
  4904 | Temple   | 4904 ||| IDENTIFYING pink potion
  4905 | Temple   | 4905 ||| DROPPING potion of magic.
  4944 | D:6      | Reached skill level 1 in Invocations
  5051 | D:6      | Reached skill level 3 in Invocations
  5399 | D:6      | Found Galeocoe's Food Shop.
  5537 | D:7      | Reached skill level 6 in Shields
  5550 | D:7      | Reached skill level 3 in Dodging
  5554 | D:7      | 5554 ||| INVOKING Heal Wounds.
  5555 | D:7      | Gained mutation: You passively map the area around you. [Deep Dwarf growth]
  5555 | D:7      | Reached XP level 9. HP: 75/78 MP: 11/11
  5582 | D:7      | 5582 ||| UPGRADING to morningstar.
  5583 | D:7      | 5583 ||| SWAPPING to +0 war axe.
  5584 | D:7      | 5584 ||| DROPPING +0 flail.
  6015 | D:7      | 6015 ||| INVOKING Heal Wounds.
  6025 | D:7      | Reached * piety under Makhleb
  6068 | D:7      | Noticed Gildeon's ghost (novice MiFi)
  6086 | D:7      | 6086 ||| INVOKING Heal Wounds.
  6092 | D:7      | 6092 ||| INVOKING Heal Wounds.
  6095 | D:7      | 6095 ||| INVOKING Heal Wounds.
  6098 | D:7      | 6098 ||| INVOKING Heal Wounds.
  6101 | D:7      | Killed Gildeon's ghost
  6101 | D:7      | Reached skill level 11 in Axes
  6102 | D:7      | 6102 ||| INVOKING Heal Wounds.
  6157 | D:7      | 6157 ||| READING scroll labeled WIALOM TYDWAT.
  6158 | D:7      | 6158 ||| READING scroll labeled SUVUMAOBUYV.
  6159 | D:7      | 6159 ||| READING 3 scrolls labeled PEVOOWI AKLOW.
  6160 | D:7      | 6160 ||| DROPPING 2 scrolls of amnesia.
  6309 | D:8      | Noticed a manticore
  6312 | D:8      | Noticed a two-headed ogre
  6317 | D:8      | 6317 ||| INVOKING Heal Wounds.
  6325 | D:8      | Killed a manticore
  6325 | D:8      | Reached skill level 6 in Fighting
  6332 | D:8      | 6332 ||| INVOKING Heal Wounds.
  6333 | D:8      | Killed a two-headed ogre
  6333 | D:8      | Reached XP level 10. HP: 73/91 MP: 10/10
  6350 | D:8      | Found a shattered altar of Ashenzari.
  6414 | D:8      | 6414 ||| INVOKING Heal Wounds.
  6473 | D:8      | Noticed a two-headed ogre
  6487 | D:8      | Killed a two-headed ogre
  6515 | D:8      | Found a glowing silver altar of Zin.
  6910 | D:8      | Found a bloodstained altar of Trog.
  6947 | D:8      | 6947 ||| UPGRADING to blackened ruby ring.
  6948 | D:8      | 6948 ||| REMOVING ring of magical power.
  6949 | D:8      | 6949 ||| DROPPING ring of magical power.
  6950 | D:8      | 6950 ||| UPGRADING to wooden ring.
  6951 | D:8      | 6951 ||| DRINKING 2 golden potions.
  6976 | D:9      | 6976 ||| STAIRDANCE
  7001 | D:9      | Reached ** piety under Makhleb
  7034 | D:9      | Noticed a two-headed ogre
  7042 | D:9      | 7042 ||| INVOKING Heal Wounds.
  7047 | D:9      | Killed a two-headed ogre
  7047 | D:9      | Reached skill level 12 in Axes
  7048 | D:9      | 7048 ||| INVOKING Heal Wounds.
  7165 | D:9      | Reached skill level 6 in Invocations
  7257 | D:9      | Found a radiant altar of Vehumet.
  7302 | D:9      | 7302 ||| INVOKING Heal Wounds.
  7381 | D:9      | Noticed a deep troll
  7393 | D:9      | 7393 ||| INVOKING Heal Wounds.
  7394 | D:9      | 7394 ||| INVOKING Heal Wounds.
  7399 | D:9      | Killed a deep troll
  7406 | D:9      | Noticed a seven-headed hydra
  7408 | D:9      | 7408 ||| SWAPPING to +0 morningstar.
  7415 | D:9      | 7415 ||| INVOKING Heal Wounds.
  7420 | D:9      | 7420 ||| INVOKING Heal Wounds.
  7422 | D:9      | 7422 ||| INVOKING Heal Wounds.
  7424 | D:9      | Killed a seven-headed hydra
  7424 | D:9      | Reached XP level 11. HP: 60/97 MP: 11/11
  7425 | D:9      | 7425 ||| SWAPPING to +0 war axe.
  7431 | D:9      | 7431 ||| INVOKING Heal Wounds.
  7434 | D:9      | 7434 ||| INVOKING Heal Wounds.
  7436 | D:9      | 7436 ||| DRINKING potion of curing.
  7436 | D:9      | 7436 ||| (to cure bad poison)
  7437 | D:9      | 7437 ||| INVOKING Heal Wounds.
  7451 | D:9      | Got a steaming glass ring
  7454 | D:9      | 7454 ||| DROPPING +0 morningstar.
  7455 | D:9      | 7455 ||| UPGRADING to demon whip of venom.
  7456 | D:9      | 7456 ||| SWAPPING to +0 war axe.
  7650 | D:9      | Reached *** piety under Makhleb
  7783 | D:9      | Found a stormy altar of Qazlal.
  7958 | D:9      | Found an ornate altar of the Wu Jian Council.
  8175 | D:9      | 8175 ||| UPGRADING to embroidered scarf.
  8180 | D:9      | 8180 ||| UPGRADING to steaming glass ring.
  8181 | D:9      | Identified the ring of Mistrust {*Corrode MR+ MP+9 Slay+3} (You took it off an orc warrior on level 9 of the Dungeon)
  8182 | D:9      | 8182 ||| UPGRADING to iron ring.
  8184 | D:9      | 8184 ||| UPGRADING to ring of protection from cold.
  8186 | D:9      | 8186 ||| UPGRADING to ring of Mistrust {*Corrode MR+ MP+9 Slay+3}.
  8188 | D:9      | 8188 ||| DRINKING 2 glowing green potions.
  8189 | D:9      | 8189 ||| DROPPING potion of brilliance.
  8201 | D:10     | Entered Level 10 of the Dungeon
  8201 | D:10     | Noticed a two-headed ogre
  8203 | D:10     | 8203 ||| STAIRDANCE
  8215 | D:10     | 8215 ||| STAIRDANCE
  8220 | D:9      | Killed a two-headed ogre
  8264 | D:10     | Reached skill level 9 in Invocations
  8524 | D:10     | 8524 ||| EATING 7 bread rations.
  8583 | D:10     | Reached skill level 13 in Axes
  8667 | D:10     | Reached **** piety under Makhleb
  8920 | D:10     | 8920 ||| INVOKING Heal Wounds.
  8927 | D:10     | 8927 ||| INVOKING Heal Wounds.
  9306 | D:10     | 9306 ||| READING scroll labeled ZIUHIMIWO.
  9306 | D:10     | Identified a scroll of acquirement
  9308 | D:10     | 9308 ||| UPGRADING to pair of runed gloves.
  9313 | D:10     | 9313 ||| READING scroll labeled FEJOTOENIO.
  9389 | D:11     | Killed an unseen horror
  9389 | D:11     | Reached skill level 9 in Shields
  9622 | D:11     | Found a staircase to the Lair.
  9843 | D:11     | Noticed a brown ugly thing
  9857 | D:11     | Noticed a two-headed ogre
  9866 | D:11     | 9866 ||| INVOKING Heal Wounds.
  9867 | D:11     | 9867 ||| INVOKING Heal Wounds.
  9869 | D:11     | 9869 ||| INVOKING Heal Wounds.
  9871 | D:11     | HP: 17/97 [two-headed ogre/giant spiked club (14)]
  9871 | D:11     | HP: 4/97 [acid (5)]
  9872 | D:11     | 9872 ||| READING 6 scrolls of teleportation.
  9872 | D:11     | Slain by a brown ugly thing

Vault maps used:
D:1:      lemuel_arrival_tunnels, grunt_decor_cap, st_stairs_11
D:2:      minmay_cut_off
D:3:      elyvilon_altar_1, first_bread
D:4:      serial_park_tiny_pond, uniq_natasha, uniq_ijyb
D:5:      minmay_misc_feat_secret_circle, uniq_menkaure, uniq_duvessa
D:6:      kennysheep_mini_moat, temple_doors_ab, serial_shops, shop_coins,
          enter_ossuary_5
D:7:      grunt_ogre_cave, nrook_uturn, eino_small_chamber_without_monster
D:8:      kennysheep_mini, nicolae_overflow_hidden_temple, basic_altar,
          minivault_19, st_stairs_13, serial_park_tiny_pond
D:9:      minmay_the_grid_four_pointed_star_mashed, vehumet_altar_wand_db,
          lemuel_coloured_pillars_altar, basic_altar, grunt_decor_one_mirror
D:11:     erik_lair_orcish_takeover, orc_0_dummy, enter_bailey_8
Temple:   eino_temple_rhombus

Skill      XL: |  1  2  3  4  5  6  7  8  9 10 11 |
---------------+----------------------------------+-----
Axes           | 3 4 5 6 8 9 10 11 12 13 | 13.0
Dodging        | 1 2 3 4 |  4.0
Shields        | 4 6 7 8 9 |  9.0
Fighting       | 3 4 6 |  6.0
Armour         | 4 5 7 |  7.8
Invocations    | 4 7 11 | 11.1

Action                   |  1- 3 |  4- 6 |  7- 9 | 10-12 || total
-------------------------+-------+-------+-------+-------++-------
Melee: War axe           |    86 |   174 |   392 |   628 ||  1280
       Morningstar       |       |       |       |    13 ||    13
Throw: Tomahawk          |       |       |     8 |    30 ||    38
 Abil: Heal Wounds       |     1 |     1 |    13 |    17 ||    32
  Use: Scroll            |     3 |     4 |    10 |     3 ||    20
       Potion            |     1 |       |     4 |     3 ||     8
  Eat: Chunk             |     1 |     6 |    11 |    15 ||    33
Armor: Scale mail        |    24 |     2 |       |       ||    26
       Chain mail        |       |    62 |     9 |       ||    71
       Plate armour      |       |       |   163 |   247 ||   410
Dodge: Dodged            |    23 |    32 |    78 |   159 ||   292
Block: Shield            |    36 |    66 |   198 |   318 ||   618

Table legend:
 A = Spawn XP
 B = Non-spawn XP
 C = Spawn XP percentage of total XP
 D = Spawn monster count
 E = Non-spawn monster count
 F = Spawn count percentage of total count
 G = Total turns spent on level
                    A         B        C        D         E        F      G
               +---------+---------+-------+---------+---------+-------+---------
         Total |       0 |   19517 |   0.0 |       0 |     306 |   0.0 |  9872
               +---------+---------+-------+---------+---------+-------+---------
           D:1 |       0 |      51 |   0.0 |       0 |      17 |   0.0 |   857
           D:2 |       0 |      74 |   0.0 |       0 |      19 |   0.0 |   662
           D:3 |       0 |      69 |   0.0 |       0 |      20 |   0.0 |   751
           D:4 |       0 |     759 |   0.0 |       0 |      35 |   0.0 |  1420
           D:5 |       0 |     689 |   0.0 |       0 |      11 |   0.0 |   634
           D:6 |       0 |    1028 |   0.0 |       0 |      29 |   0.0 |  1009
           D:7 |       0 |    1426 |   0.0 |       0 |      18 |   0.0 |   683
           D:8 |       0 |    3452 |   0.0 |       0 |      25 |   0.0 |   785
           D:9 |       0 |    6091 |   0.0 |       0 |      69 |   0.0 |  1240
          D:10 |       0 |    2667 |   0.0 |       0 |      34 |   0.0 |  1111
          D:11 |       0 |    3211 |   0.0 |       0 |      29 |   0.0 |   543
               +---------+---------+-------+---------+---------+-------+---------
